 Dungeon Crawl Stone Soup version 0.18-a0-1120-g03bd624 (webtiles) character file.

52 namelastname112 the Firebug (level 3, 0/16 HPs)
             Began as a Vine Stalker Wanderer on Jan 17, 2016.
             Slain by an adder (5 damage)
             ... on level 1 of the Dungeon.
             The game lasted 00:04:35 (1228 turns).

namelastname112 the Firebug (Vine Stalker Wanderer) Turns: 1228, Time: 00:04:35

Health: 0/16       AC:  3    Str: 14    XL:     3   Next: 85%
Magic:  0/7        EV: 11    Int: 15    God:
Gold:   22         SH:  0    Dex: 11    Spells: 1 memorised, 6 levels left

rFire  . . .     SeeInvis .     i - +0 short sword
rCold  . . .     Gourm    .     d - +0 robe
rNeg   . . .     Faith    .     (no shield)
rPois  .         Spirit   +     (no helmet)
rElec  .         Dismiss  .     (no cloak)
rCorr  .         Reflect  .     (no gloves)
SustAt .         Harm     .     k - +0 pair of boots
MR     .....                    (no amulet)
Stlth  +.........               (no ring)
                                (no ring)

@: lethally poisoned (0 -> 0), very slightly contaminated, not resistant to
hostile enchantments, very unstealthy
A: fangs 2, regeneration 1, magic shield, antimagic bite, no device heal 3, rot
immunity
a: no special abilities


You were on level 1 of the Dungeon.
You were not hungry.

You visited 1 branch of the dungeon, and saw 2 of its levels.

You collected 22 gold pieces.

Inventory:

Hand Weapons
 e - a +0 club
 i - a +0 short sword (weapon)
Armour
 d - a +0 robe (worn)
 k - a +0 pair of boots (worn)
Wands
 c - a wand of random effects (15/48)
Scrolls
 g - 2 scrolls of fog {unknown}
 h - 2 scrolls of magic mapping {unknown}
 j - a scroll of amnesia {unknown}
Books
 a - a book of Flames

   Spells                             Type                      Level
   a - Flame Tongue                   Conjuration/Fire             1
   b - Throw Flame                    Conjuration/Fire             2
   c - Conjure Flame                  Conjuration/Fire             3
   d - Inner Flame                    Hexes/Fire                   3
   e - Sticky Flame                   Conjuration/Fire             4
   f - Fireball                       Conjuration/Fire             5
 b - Kinne's Guide on Enchantment

   Spells                             Type                      Level
   a - Corona                         Hexes                        1
   b - Gell's Gravitas                Hexes/Translocation          3
Comestibles
 f - 2 bread rations


   Skills:
   Level 1.7 Crossbows
 - Level 1.0 Armour
 + Level 1.1 Dodging
 + Level 2.5 Spellcasting
 + Level 1.7 Conjurations
 + Level 3.0 Fire Magic
 - Level 1.7 Evocations


You had 6 spell levels left.
You knew the following spells:

 Your Spells              Type           Power        Failure   Level  Hunger
z - Flame Tongue          Conj/Fire      #....        12%         1    #......


Dungeon Overview and Level Annotations

Branches:
Dungeon (2/15)

Altars:


Innate Abilities, Weirdness & Mutations

You have extremely sharp teeth.
Your natural rate of healing is unusually fast.
When hurt, damage is shared between your health and your magic reserves.
Your bite disrupts and absorbs the magic of your enemies.
Potions and wands cannot restore your health.
You are immune to rotting.


Message History

You smell smoke.
You feel sick. The adder bites you. The adder closely misses you.
Casting: Flame Tongue
Confirm with . or Enter, or press ? or * to list all spells.
Aiming: Flame Tongue
Press: ? - help, Shift-Dir - straight line, f/p - adder
Aim: an adder The flame tongue hits the adder.
The adder is lightly wounded.
The adder barely misses you.
Casting: Flame Tongue
Confirm with . or Enter, or press ? or * to list all spells.
Aiming: Flame Tongue
Press: ? - help, Shift-Dir - straight line, f/p - adder
Aim: an adder (lightly wounded)
The flame tongue misses the adder.
The adder bites you.
You barely miss the adder. Your bite misses the adder.
The adder is lightly wounded.
The adder bites you.
You die...

#........#.##.##.# #.#
#.............##.# #.#####
####.#####.#####.# #.....#
#.......##.#####.## #####.#
#.##.##.##...÷..>.# #.#
#.##.##.###.......# #.#
#.##.##.# #.......# #.#
#.##.##.# #...S...# #.#
#.......###...@...# #.#
##..........##.#### ##.##
#.#..)####.#..# ###...#
#.#...####.#(## #.....#
#.#.....##.#.# #.#...#
#.##..#.##.#÷# #.##### ##
#.....#.##.#)# #.#######.
####.......#.########.......#.
########...)....)......#####.#.


You could see an adder.

Vanquished Creatures
  An adder (D:1)
  A worm (D:1)
  3 goblins (D:1)
  4 hobgoblins (D:1)
  9 jackals (D:1)
  3 kobolds (D:1)
  A ball python (D:1)
  7 bats (D:1)
  A giant newt (D:1)
  9 rats (D:1)
39 creatures vanquished.

Notes
Turn   | Place    | Note
--------------------------------------------------------------
     0 | D:1      | namelastname112 the Vine Stalker Wanderer began the quest for the Orb.
     0 | D:1      | namelastname112 set off with: a book of Flames, Kinne's Guide on Enchantment, a wand of random effects (15/48), a +0 robe, a +0 club, a bread ration
     0 | D:1      | Reached XP level 1. HP: 9/9 MP: 4/4
     0 | D:1      | Identified Kinne's Guide on Enchantment
     2 | D:1      | Learned a level 1 spell: Flame Tongue
   237 | D:1      | Reached XP level 2. HP: 13/13 MP: 1/6
   728 | D:1      | Reached XP level 3. HP: 16/16 MP: 2/7
   931 | D:1      | Reached skill level 1 in Dodging
   960 | D:1      | Reached skill level 3 in Fire Magic
  1228 | D:1      | Slain by an adder

Vault maps used:
D:1:      dpeg_arrival_brainrot

Action                   || total
-------------------------++-------
Melee: Club              ||     8
       Short sword       ||    34
 Cast: Flame Tongue      ||    72
  Eat: Chunk             ||     2
